 Dungeon Crawl Stone Soup version 0.16.1-18-g436b03c (webtiles) character file.

702 handin the Chopper (level 7, -1/64 HPs)
             Began as a Deep Dwarf Berserker on May 17, 2015.
             Was an Elder of Trog.
             Killed by divine providence
             ... invoked by an orc priest
              (13 damage)
             ... on level 5 of the Dungeon.
             The game lasted 00:26:04 (3694 turns).

handin the Chopper (Deep Dwarf Berserker)           Turns: 3694, Time: 00:26:04

Health: -1/64      AC: 11    Str: 23    XL:     7   Next: 38%
Magic:  7/7        EV: 10    Int:  7    God:    Trog [****..]
Gold:   180        SH:  0    Dex: 12    Spells: 0 memorised, 6 levels left

rFire  . . .     SeeInvis .     d - +0 war axe
rCold  . . .     Clarity  .     i - +0 chain mail
rNeg   . . .     SustAb   .     (no shield)
rPois  .         Gourm    .     (no helmet)
rElec  .         Spirit   .     t - +0 cloak
rCorr  .         Warding  .     q - +0 pair of gloves
rMut   .         Stasis   .     (no boots)
MR     +....                    (no amulet)
Stlth  ..........               (no ring)
                                (no ring)

@: non-regenerating, somewhat resistant to hostile enchantments, extremely
unstealthy
A: damage resistance, recharge devices, sense surroundings 1, slow healing 3
a: Device Recharging, Burn Spellbooks, Berserk, Trog's Hand, Brothers in Arms,
Renounce Religion


You were on level 5 of the Dungeon.
You worshipped Trog.
Trog was greatly pleased with you.
You were hungry.

You visited 1 branch of the dungeon, and saw 5 of its levels.

You collected 180 gold pieces.

Inventory:

Hand weapons
 d - a +0 war axe (weapon)
 h - a +0 hunting sling
Missiles
 j - 29 stones (quivered)
Armour
 i - a +0 chain mail (worn)
 q - a +0 pair of gloves (worn)
 t - a +0 cloak (worn)
Magical devices
 c - a wand of heal wounds (1)
 s - a wand of random effects (13)
Scrolls
 a - a scroll of identify
 e - a scroll of remove curse
 f - a scroll of blinking
 n - a scroll of random uselessness
 p - a scroll of recharging {unknown}
 r - a scroll of teleportation {unknown}
 v - a scroll of immolation {unknown}
Potions
 b - a potion of might {unknown}
 g - 4 potions of heal wounds
 k - 4 potions of haste
 l - a potion of restore abilities {unknown}
 o - a potion of curing
Comestibles
 m - 4 meat rations
 u - 3 fruits
 w - a beef jerky


   Skills:
 * Level 4.1 Fighting
 * Level 5.7 Axes
 + Level 2.8 Slings
 + Level 3.8 Armour
 * Level 5.1 Dodging


You had 6 spell levels left.
You didn't know any spells.

Dungeon Overview and Level Annotations

Branches:
Dungeon (5/15)             Temple (0/1) D:5

Altars:
Ashenzari
Fedhas
Ru
Trog


Innate Abilities, Weirdness & Mutations

You are resistant to damage.
You can recharge devices by infusing magical energy.
You passively map a small area around you.
You do not heal naturally.


Message History

The worker ant moves out of view.
You barely miss the orc.
The orc priest calls down the wrath of Beogh upon you.
Something smites you!
* * * LOW HITPOINT WARNING * * *
The orc hits you but does no damage.
The orc priest becomes somewhat translucent.
The orc hits you but does no damage.
The orc priest becomes somewhat translucent.
The orc barely misses you.
You barely miss the orc. The orc hits you but does no damage.
You slash the orc!
The orc is almost dead.
The orc hits you.
* * * LOW HITPOINT WARNING * * *
The orc priest calls upon Beogh to heal the orc.
The orc is healed somewhat.
The orc priest calls down the wrath of Beogh upon you.
Something smites you!
You die...

# #.# #.#
###########.######.#
................##.#
######.####.###.##.#
# #...#*#.# #.##.# #
#.....##.###.##.# #
##...###..>.....# #
##.## #####.#### #
#.# #.@oo# #.#
####o# #+# #.# * *
#.# *


ooa , * * #..* ## , **, ...# .'. ...# ## , , ...# You could see 2 orc priests
and an orc.

Vanquished Creatures
  The ghost of porpoise the Skirmisher, an experienced GrWr (D:5)
  An ogre (D:4)
  A crimson imp (D:5)
  An orc priest (D:4)
  A hound (D:5)
  2 centaur skeletons (D:5)
  Natasha (thrice) (D:4)
  An orc wizard (D:3)
  A worker ant (D:5)
  Terence (D:3)
  5 adders
  A giant mite (D:4)
  A worm (D:4)
  An ooze (D:4)
  14 orcs
  10 goblins
  7 hobgoblins
  12 jackals
  13 kobolds
  2 quokkas
  5 bats
  3 giant cockroaches
  3 giant geckos
  A giant newt (D:1)
  A quokka skeleton (D:5)
  10 rats
102 creatures vanquished.

Notes
Turn   | Place    | Note
--------------------------------------------------------------
     0 | D:1      | handin, the Deep Dwarf Berserker, began the quest for the Orb.
     0 | D:1      | Reached XP level 1. HP: 20/20 MP: 1/1
   205 | D:1      | Reached XP level 2. HP: 20/27 MP: 2/2
   362 | D:1      | Acquired Trog's second power
   961 | D:2      | Reached XP level 3. HP: 17/34 MP: 3/3
   977 | D:2      | Reached skill level 4 in Axes
  1023 | D:2      | Found a bloodstained altar of Trog.
  1273 | D:2      | Reached XP level 4. HP: 8/42 MP: 4/4
  1721 | D:3      | Found a blossoming altar of Fedhas.
  1721 | D:3      | Noticed Terence
  1728 | D:3      | Killed Terence
  2161 | D:3      | Reached skill level 1 in Slings
  2252 | D:4      | Reached XP level 5. HP: 26/49 MP: 5/5
  2574 | D:4      | Noticed Natasha
  2581 | D:4      | Killed Natasha
  2716 | D:4      | Found a shattered altar of Ashenzari.
  2716 | D:4      | Found a sacrificial altar of Ru.
  2748 | D:4      | Noticed Natasha
  2760 | D:4      | Killed Natasha
  2856 | D:4      | Noticed an ogre
  2862 | D:4      | Killed an ogre
  2862 | D:4      | Acquired Trog's third power
  2862 | D:4      | Reached XP level 6. HP: 35/57 MP: 6/6
  2868 | D:4      | Noticed Natasha
  2871 | D:4      | Killed Natasha
  2979 | D:5      | Entered Level 5 of the Dungeon
  2988 | D:5      | Noticed porpoise's ghost (experienced GrWr)
  3020 | D:5      | Killed porpoise's ghost
  3020 | D:5      | Reached skill level 5 in Axes
  3020 | D:5      | Reached XP level 7. HP: 29/64 MP: 7/7
  3118 | D:5      | Found a staircase to the Ecumenical Temple.
  3494 | D:5      | Reached skill level 5 in Dodging
  3694 | D:5      | Killed from afar by an orc priest

Action                   |  1- 3 |  4- 6 |  7- 9 || total
-------------------------+-------+-------+-------++-------
Melee: Hand axe          |   135 |   134 |       ||   269
       War axe           |       |    66 |    56 ||   122
Invok: Berserk           |     1 |     5 |       ||     6
Evoke: Wand              |       |     3 |     1 ||     4
  Use: Scroll            |       |     9 |       ||     9
 Stab: Sleeping          |     1 |       |       ||     1
  Eat: Bread ration      |     1 |     2 |       ||     3
       Beef jerky        |       |     1 |       ||     1
